 Dungeon Crawl Stone Soup version 0.29.0-4-gdea44cf6ec (webtiles) character file.

Game seed: 7471600668685927440

63 qw the Sneak (level 4, -5/36 HPs)
             Began as a Ghoul Enchanter on Sept 7, 2022.
             Killed from afar by an orc wizard (9 damage)
             ... with a magic dart
             ... on level 3 of the Dungeon.
             The game lasted 00:01:05 (3553 turns).

qw the Sneak (Ghoul Enchanter)                      Turns: 3553, Time: 00:01:06

Health: -5/36      AC:  6    Str: 13    XL:     4   Next: 9%
Magic:  5/5        EV:  7    Int: 10    God:
Gold:   127        SH:  0    Dex:  9    Spells: 6/6 levels left

rFire   . . .      SeeInvis .   Y - +1 whip (protect)
rCold   + . .      Faith    .   f - +0 kite shield
rNeg    + + +      Spirit   .   g - +0 scale mail
rPois   inf        Reflect  .   (no helmet)
rElec   .          Harm     .   (no cloak)
rCorr   +          Rampage  .   (no gloves)
Will    .....                   (no boots)
Stlth   ..........              (no amulet)
HPRegen 0.00/turn               e - ring of resist corrosion
MPRegen 0.09/turn               (no ring)

@: confused, inhibited regen
A: claws 1, cold resistance 1, negative energy resistance 3, inhibited
regeneration, torment resistance 2, devour on kill
a: no special abilities


You were on level 3 of the Dungeon.
You visited 1 branch of the dungeon, and saw 3 of its levels.

You collected 127 gold pieces.


Innate Abilities, Weirdness & Mutations

You are immune to poison.
You have sharp fingernails.
Your flesh is cold resistant. (rC+)
You are immune to negative energy. (rN+++)
You do not regenerate when monsters are visible.
You are immune to unholy pain and torment.
You thrive by killing the living.


   Skills:
 - Level 2.2 Fighting
 - Level 0.8 Short Blades
 - Level 2.3 Axes
 - Level 1.7 Dodging
 - Level 3.2 Stealth
 + Level 0.3 Shields
 - Level 1.7 Spellcasting
 - Level 2.4 Hexes


You had 6 spell levels left.
You didn't know any spells.
Your spell library contained the following spells:

 Spells                   Type           Power      Damage    Failure   Level
 Ensorcelled Hibernation  Hex/Ice        6%         N/A       99%         2
 Confusing Touch          Hex            5%         N/A       99%         3
 Tukima's Dance           Hex            5%         N/A       99%         3
 Dazzling Flash           Conj/Hex       6%         N/A       100%        3

Inventory:

Hand Weapons
 Y - a +1 whip of protection (weapon)
Armour
 f - a +0 kite shield (worn)
 g - a +0 scale mail (worn)
Jewellery
 e - a ring of resist corrosion (left claw)
Scrolls
 c - 2 scrolls of identify
Potions
 a - 2 potions of berserk rage {unknown}
 i - a potion of cancellation

Dungeon Overview and Level Annotations

Branches:
Dungeon (3/15)

Altars:
Xom


Message History

You hit the orc wizard but do no damage.
The orc wizard is heavily wounded.
The orc wizard hits you but does no damage.
You block the orc's attack.
You closely miss the orc wizard.
The orc wizard is heavily wounded.
The orc shouts!
The orc wizard casts a spell at you. The magic dart hits you.
The orc hits you with a +0 flail. You block the orc wizard's attack.
The orc hits you but does no damage.
You closely miss the orc wizard.
The orc wizard is heavily wounded.
The orc wizard hits you with a +0 dagger.
The orc hits you but does no damage.
You hit the orc wizard but do no damage.
The orc wizard is heavily wounded.
The orc wizard casts a spell at you.
You are confused.
The orc closely misses you.
You closely miss the orc wizard.
The orc wizard is moderately wounded.
The orc wizard hits you but does no damage.
The orc barely misses you.
You hit the orc wizard.
The orc wizard is heavily wounded.
The orc wizard casts a spell at you. The magic dart hits you!
The orc hits you but does no damage.
You bump into the rock wall.
The orc wizard hits you but does no damage.
The orc hits you but does no damage. The orc attacks as you move away!
The orc hits you with a +0 flail. The orc wizard casts a spell at you.
The puff of flame hits you!
The orc wizard attacks as you move away!
The orc wizard closely misses you.
You closely miss the orc wizard.
The orc wizard is heavily wounded.
The orc wizard casts a spell at you. The magic dart hits you!
You die...

..!.............#####
...##########........
...# #..#...... #..#
##..###.... . #.o#
###...# .... ...
#.#####...#.# ...
.....###.......###.#
.. ......%.oo...###
#.# .....###.@..##
#.# ... #....# ..
########.####### ##
..............#
.......%.......
..............#
...............
.........######
.........#


You could see an orc wizard and 2 orcs.

Vanquished Creatures
  An adder (D:2)
  4 worms (D:2)
  A dart slug (D:1)
  8 ball pythons
  An endoplasm (D:1)
  A giant cockroach (D:2)
  3 hobgoblins
  5 kobolds
  3 quokkas
  3 bats
  5 frilled lizards
  2 goblins
  4 rats
41 creatures vanquished.

Notes
Turn   | Place    | Note
-------+----------+-------------------------------------------
     0 | D:1      | qw the Ghoul Enchanter began the quest for the Orb.
     0 | D:1      | Reached XP level 1. HP: 14/14 MP: 2/2
     0 | D:1      | 0 ||| qw: Version: 0.1-a-108-g9e35731
     0 | D:1      | 0 ||| qw: Game counter: 6568
     0 | D:1      | 0 ||| qw: Always use a shield: true
     0 | D:1      | 0 ||| qw: God list: Okawaru
     0 | D:1      | 0 ||| qw: Allow faded altars: false
     0 | D:1      | 0 ||| qw: Do Orc after D:15 true
     0 | D:1      | 0 ||| qw: Do second Lair branch before Depths: true
     0 | D:1      | 0 ||| qw: Lair rune preference: random
     0 | D:1      | 0 ||| qw: Plans: Normal
     0 | D:1      | 0 ||| PLANNING D:1-11
   179 | D:1      | 179 ||| Stepping ~*~*~tactically~*~*~ (hiding).
   281 | D:1      | 281 ||| Stepping ~*~*~tactically~*~*~ (hiding).
   383 | D:1      | 383 ||| Stepping ~*~*~tactically~*~*~ (hiding).
   485 | D:1      | 485 ||| Stepping ~*~*~tactically~*~*~ (hiding).
   587 | D:1      | 587 ||| Stepping ~*~*~tactically~*~*~ (hiding).
   689 | D:1      | 689 ||| Stepping ~*~*~tactically~*~*~ (hiding).
   791 | D:1      | 791 ||| Stepping ~*~*~tactically~*~*~ (hiding).
   893 | D:1      | 893 ||| Stepping ~*~*~tactically~*~*~ (hiding).
   995 | D:1      | 995 ||| Stepping ~*~*~tactically~*~*~ (hiding).
  1097 | D:1      | 1097 ||| Stepping ~*~*~tactically~*~*~ (hiding).
  1199 | D:1      | 1199 ||| Stepping ~*~*~tactically~*~*~ (hiding).
  1301 | D:1      | 1301 ||| Stepping ~*~*~tactically~*~*~ (hiding).
  1314 | D:1      | Reached skill level 1 in Axes
  1385 | D:1      | Reached XP level 2. HP: 22/22 MP: 3/3
  1537 | D:1      | Reached skill level 1 in Fighting
  1588 | D:1      | 1588 ||| SWAPPING to +1 whip of freezing.
  1589 | D:1      | 1589 ||| DROPPING +1 dagger.
  2098 | D:1      | 2098 ||| UPGRADING to +0 ring mail.
  2108 | D:1      | 2108 ||| DROPPING +0 robe.
  2109 | D:1      | 2109 ||| UPGRADING to +0 scale mail.
  2119 | D:1      | 2119 ||| DROPPING +0 ring mail.
  2120 | D:1      | 2120 ||| UPGRADING to ring of resist corrosion.
  2121 | D:1      | 2121 ||| READING scroll labelled PITHEALEALI.
  2122 | D:1      | 2122 ||| READING scroll labelled VOXTEP BEUFEIQ.
  2123 | D:1      | 2123 ||| READING scroll labelled REUFENK WAIPOS.
  2124 | D:1      | 2124 ||| DRINKING 2 red potions.
  2225 | D:1      | 2225 ||| DROPPING 2 potions of invisibility.
  2226 | D:1      | 2226 ||| DROPPING potion of ambrosia.
  2309 | D:2      | 2309 ||| Stepping ~*~*~tactically~*~*~ (stealth).
  2319 | D:2      | 2319 ||| Stepping ~*~*~tactically~*~*~ (outnumbered).
  2325 | D:2      | Reached XP level 3. HP: 21/28 MP: 4/4
  2467 | D:2      | 2467 ||| Stepping ~*~*~tactically~*~*~ (stealth).
  2473 | D:2      | 2473 ||| Stepping ~*~*~tactically~*~*~ (stealth).
  2480 | D:2      | 2480 ||| Stepping ~*~*~tactically~*~*~ (stealth).
  3221 | D:2      | 3221 ||| Stepping ~*~*~tactically~*~*~ (outnumbered).
  3222 | D:2      | 3222 ||| Stepping ~*~*~tactically~*~*~ (outnumbered).
  3226 | D:2      | Reached XP level 4. HP: 36/36 MP: 5/5
  3369 | D:2      | 3369 ||| UPGRADING to +0 kite shield.
  3374 | D:2      | 3374 ||| READING scroll labelled EMEXAL QILI.
  3375 | D:2      | 3375 ||| READING scroll labelled HASKEI KIYF.
  3378 | D:2      | 3378 ||| READING scroll labelled ILUZEN WAPO.
  3379 | D:2      | 3379 ||| READING 4 scrolls of identify.
  3379 | D:2      | 3379 ||| IDENTIFYING grey potion
  3380 | D:2      | 3380 ||| READING 3 scrolls of identify.
  3380 | D:2      | 3380 ||| IDENTIFYING dark potion
  3381 | D:2      | 3381 ||| DROPPING potion of brilliance.
  3472 | D:3      | Noticed an angel
  3480 | D:3      | Found a shimmering altar of Xom.
  3534 | D:3      | 3534 ||| Stepping ~*~*~tactically~*~*~ (hiding).
  3551 | D:3      | HP: 4/36 [orc wizard/puff of flame (11)]
  3553 | D:3      | Killed from afar by an orc wizard

Levels and vault maps discovered:
D:1:      minmay_arrival_wavy_path, layout_loops_ring
D:2:      layout_loops_ring, minmay_unequal
D:3:      layout_basic, grunt_temple_overflow_order_and_chaos_1,
          nicolae_ru_path_of_blood, kennysheep_generic_room_3

Skill      XL: |  1  2  3 |
---------------+----------+-----
Axes           | 1 2 |  2.3
Fighting       | 1 2 |  2.2
Short Blades   | |  0.8
Dodging        | |  1.7
Stealth        | |  3.2
Shields        | |  0.3
Spellcasting   | |  1.7
Hexes          | |  2.4

Action                   |  1- 3 |  4- 6 || total
-------------------------+-------+-------++-------
Melee: Dagger            |    44 |       ||    44
       Whip              |    85 |    21 ||   106
  Use: Scroll            |     3 |     5 ||     8
       Potion            |     1 |       ||     1
Armor: Robe              |     7 |       ||     7
       Scale mail        |    30 |    11 ||    41
Dodge: Dodged            |    55 |     8 ||    63
Block: Kite shield       |       |     5 ||     5

Table legend:
 A = Non-vault XP
 B = Vault XP
 C = Vault XP percentage of total XP
 D = Non-vault monster count
 E = Vault monster count
 F = Vault count percentage of total count
                 A         B        C        D         E       F
            +---------+---------+-------+---------+---------+-------
      Total |      84 |       6 |   6.7 |      36 |       5 |  12.2
            +---------+---------+-------+---------+---------+-------
        D:1 |      23 |       0 |   0.0 |      14 |       0 |   0.0
        D:2 |      55 |       6 |   9.8 |      19 |       5 |  20.8
        D:3 |       6 |       0 |   0.0 |       3 |       0 |   0.0
            +---------+---------+-------+---------+---------+-------
